 Dungeon Crawl Stone Soup version 0.21.0 (webtiles) character file.

317 Megalobster the Sneak (level 6, -4/28 HPs)
             Began as a Spriggan Enchanter on Jan 7, 2018.
             Was an Initiate of Yredelemnul.
             Slain by kegs's ghost (10 damage)
             ... on level 4 of the Dungeon.
             The game lasted 00:10:23 (4205 turns).

Megalobster the Sneak (Spriggan Enchanter)          Turns: 4205, Time: 00:10:24

Health: -4/28      AC:  5    Str:  4    XL:     6   Next: 20%
Magic:  12/12      EV: 20    Int: 18    God:    Yredelemnul [......]
Gold:   239        SH:  0    Dex: 17    Spells: 3/12 levels left

rFire    + . .     SeeInvis +   a - +1 dagger
rCold    + . .     Gourm    .   (shield restricted)
rNeg     . . .     Faith    .   D - +2 robe {rC+ rF+}
rPois    .         Spirit   .   (helmet restricted)
rElec    .         Reflect  .   n - +0 cloak
rCorr    .         Harm     .   (gloves unavailable)
MR       +....                  (boots unavailable)
Stlth    ++++......             m - amulet of magic regeneration
HPRegen  0.09/turn              (no ring)
MPRegen  0.38/turn              (no ring)

@: very slightly contaminated, very quick
A: very small, unfitting armour, see invisible, herbivore, speed 3, slow
metabolism 2
a: Renounce Religion


You were on level 4 of the Dungeon.
You worshipped Yredelemnul.
Yredelemnul was noncommittal.
You were not hungry.

You visited 2 branches of the dungeon, and saw 5 of its levels.

You collected 239 gold pieces.

Inventory:

Hand Weapons
 a - a +1 dagger (weapon)
 j - a +0 hunting sling
 w - a +1 antimagic dagger
 x - a +0 blowgun
Missiles
 p - 80 stones (quivered)
 y - 10 poisoned needles
 z - 4 needles of confusion
Armour
 b - a +0 robe
 n - a +0 cloak (worn)
 D - a +2 robe of resistance (worn)
Jewellery
 e - an uncursed amulet of the gourmand {unknown}
 m - an amulet of magic regeneration (around neck)
Wands
 C - a wand of random effects (15)
Scrolls
 f - 5 scrolls of identify {unknown}
 o - 3 scrolls of remove curse {unknown}
 q - a scroll of blinking {unknown}
 r - a scroll of amnesia {unknown}
 t - a scroll of enchant armour {unknown}
 v - 2 scrolls of random uselessness {unknown}
 A - a scroll of immolation {unknown}
 B - a scroll of magic mapping {unknown}
Potions
 g - 3 potions of might
 h - 2 potions of brilliance {unknown}
 i - 3 potions of curing {unknown}
 k - a potion of agility {unknown}
 l - a potion of cancellation {unknown}
 s - a potion of lignification {unknown}
 u - 2 potions of magic {unknown}
Books
 c - a book of Maledictions

   Spells                             Type                      Level
   a - Corona                         Hexes                        1
   b - Ensorcelled Hibernation        Hexes/Ice                    2
   c - Confuse                        Hexes                        3
   d - Tukima's Dance                 Hexes                        3
   e - Dazzling Spray                 Conjuration/Hexes            3
Comestibles
 d - 4 rations


   Skills:
 + Level 2.3 Short Blades
 + Level 4.6 Dodging
 * Level 7.0 Stealth
 + Level 3.9 Spellcasting
 * Level 5.5 Hexes
 * Level 0.0 Invocations


You had 3 spell levels left.
You knew the following spells:

 Your Spells              Type           Power        Failure   Level  Hunger
a - Corona                Hex            ###....      1%          1    None
b - Ensorcelled Hibernat  Hex/Ice        ##....       7%          2    ##.....
c - Confuse               Hex            ###.....     4%          3    ###....
d - Tukima's Dance        Hex            ###.....     4%          3    ###....


Dungeon Overview and Level Annotations

Branches:
Dungeon (4/15)             Temple (1/1) D:4

Altars:
Ashenzari
Cheibriados
Hepliaklqana
Kikubaaqudgha
Makhleb
Nemelex Xobeh
Okawaru
Qazlal
Ru
Sif Muna
Trog
Uskayaw
Vehumet
Wu Jian
Yredelemnul

Annotations:
D:4 kegs's ghost, amateur HOFi


Innate Abilities, Weirdness & Mutations

You are very small and have problems with some larger weapons.
You are too small for most types of armour.
You have supernaturally acute eyesight. (SInv)
You are a herbivore.
You cover ground extremely quickly.
You need consume almost no food.


Message History

Aiming: Confuse
Press: ? - help, Shift-Dir - straight line, f/p - kegs's ghost
Aim: kegs's ghost (almost destroyed, chance to defeat MR: 35%) Kegs's ghost appears confused.
You are too injured to fight recklessly!
You are too injured to fight recklessly!
You hit kegs's ghost but do no damage.
Kegs's ghost is almost destroyed.
You barely miss kegs's ghost.
Kegs's ghost is almost destroyed.
Kegs's ghost hits you but does no damage.
You hit kegs's ghost but do no damage.
Kegs's ghost is almost destroyed.
You barely miss kegs's ghost.
Kegs's ghost is almost destroyed.
You hit kegs's ghost but do no damage.
Kegs's ghost is almost destroyed.
Kegs's ghost hits you!
You die...
Your body rises from the dead as a mindless zombie.

#............
#.###########
#########.#........
####.......#.#.######
.....................>
.##
###+#...#.#†#########
'. #.†.....#.#.# ..#.##
#.......#.#.#
..#..######.....@W#.#.#
..............#.#.#.#.#
.###.########.#.#.#.#.#
.###..#######.#.#.#.#.#
.#........†...#.#.#.#
.#.##.#######.#.#.#
...##....# #.#.#.#
.8.###...####.#.#.#
...##.........#


You could see kegs's ghost (confused).

Vanquished Creatures
  Sigmund (D:3)
  Natasha (twice) (D:3)
  An iguana (D:4)
  2 adders
  2 worms
  3 dart slugs
  3 leopard geckos (D:3)
  4 orcs (D:3)
  2 ball pythons (D:2)
  2 giant cockroaches
  5 goblins
  4 hobgoblins
  3 jackals (D:3)
  6 kobolds
  A quokka (D:4)
  3 bats
  2 frilled lizards
  3 rats
49 creatures vanquished.

Notes
Turn   | Place    | Note
-------+----------+-------------------------------------------
     0 | D:1      | Megalobster the Spriggan Enchanter began the quest for the Orb.
     0 | D:1      | Reached XP level 1. HP: 9/9 MP: 5/5
   140 | D:1      | Reached XP level 2. HP: 8/13 MP: 4/6
   260 | D:1      | Learned a level 2 spell: Ensorcelled Hibernation
  1055 | D:2      | Reached skill level 5 in Stealth
  1661 | D:2      | Reached XP level 3. HP: 14/16 MP: 8/8
  1697 | D:2      | Learned a level 3 spell: Confuse
  3129 | D:3      | Noticed Natasha
  3154 | D:3      | Killed Natasha
  3154 | D:3      | Reached XP level 4. HP: 17/21 MP: 7/9
  3371 | D:3      | Noticed Sigmund
  3387 | D:3      | Killed Sigmund
  3387 | D:3      | Reached skill level 6 in Stealth
  3387 | D:3      | Reached skill level 5 in Hexes
  3387 | D:3      | Reached XP level 5. HP: 24/24 MP: 9/11
  3392 | D:3      | Learned a level 3 spell: Tukima's Dance
  3521 | D:3      | Noticed Natasha
  3527 | D:3      | Killed Natasha
  3527 | D:3      | Reached XP level 6. HP: 28/28 MP: 8/12
  3901 | D:4      | Reached skill level 7 in Stealth
  3910 | D:4      | Found a staircase to the Ecumenical Temple.
  3973 | Temple   | Entered the Ecumenical Temple
  4062 | Temple   | Became a worshipper of Yredelemnul the Dark
  4164 | D:4      | Noticed kegs's ghost (amateur HOFi)
  4205 | D:4      | Slain by kegs's ghost

Skill      XL: |  1  2  3  4  5  6 |
---------------+-------------------+-----
Spellcasting   | 3 |  3.9
Hexes          | 4 5 |  5.5
Stealth        | 5 6 7 |  7.0
Short Blades   | 2 |  2.3
Dodging        | 4 |  4.6

Action                   |  1- 3 |  4- 6 || total
-------------------------+-------+-------++-------
Melee: Dagger            |   111 |    69 ||   180
 Cast: Corona            |     1 |       ||     1
       Ensorcelled Hiber |    19 |    10 ||    29
       Confuse           |     6 |     6 ||    12
 Stab: Sleeping          |    24 |     6 ||    30
       Distracted        |     2 |       ||     2
       Confused          |     2 |     7 ||     9
  Eat: Ration            |     1 |     1 ||     2
Armor: Robe              |    12 |     5 ||    17
Dodge: Dodged            |    87 |    35 ||   122
